 Dungeon Crawl Stone Soup version 0.30.0-18-gf1372a6a44 (webtiles) character file.

Game seed: 8937743351427076416

118655 qw the Severer (level 16, -4/104 HPs)
             Began as a Gargoyle Fighter on May 21, 2023.
             Was a High Priest of Okawaru.
             Slain by a salamander
             ... wielding a +0 trident
              (10 damage)
             ... on level 3 of the Snake Pit.
             The game lasted 00:11:48 (24429 turns).

qw the Severer (Gargoyle Fighter)                  Turns: 24429, Time: 00:11:49

Health: -4/104     AC: 38    Str: 29    XL:     16   Next: 77%
Magic:  23/23      EV: 20    Int: 14    God:    Okawaru [*****.]
Gold:   554        SH: 19    Dex: 13    Spells: 15/15 levels left

rFire   . . .        n - +11 broad axe of the Teaching Genius {drain, *Slow Dex+6}
rCold   . . .        p - +0 kite shield
rNeg    + . .        z - +2 plate armour {rPois}
rPois   inf          (no helmet)
rElec   +            D - +0 cloak of the Realm of Zot {Str+4 Int+2}
rCorr   .            g - +1 pair of gloves
SInv    .            r - +2 pair of slick slippers {slick, slippery, EV+4}
Will    +....        w - amulet of reflection Stlth
                     E - +5 ring of evasion
HPRegen 0.37/turn    B - +4 ring of slaying {mikee}
MPRegen 0.18/turn

%: slow self (1%), reflection
@: about to teleport, heroic, weakened, flying
A: sickness immunity, AC +12, big wings, negative energy resistance 1,
electricity resistance, torment resistance 1, petrification resistance, clumsy 1
a: Renounce Religion, Heroism, Finesse, Duel


You were on level 3 of the Snake Pit.
You worshipped Okawaru.
Okawaru was extremely pleased with you.
You visited 5 branches of the dungeon, and saw 26 of its levels.

You collected 4002 gold pieces.
You spent 3448 gold pieces at shops.


Innate Abilities, Weirdness & Mutations

You are immune to sickness and miasma.
Your stone body is resilient. (AC +12)
You are immune to poison.
Your large and strong wings let you fly.
You resist negative energy. (rN+)
You are resistant to electric shocks. (rElec)
You are resistant to unholy torment.
You are immune to petrification.
You are clumsy. (Dex -2)


   Skills:
 + Level 13.0(18.0) Fighting
 - Level 18.0(23.0) Axes
 - Level 4.3(9.3) Throwing
 - Level 12.0(17.0) Armour
 - Level 4.1(9.1) Dodging
 - Level 13.5(18.5) Shields
 - Level 10.0 Invocations


You had 15 spell levels left.
You didn't know any spells.
Your spell library was empty.

Inventory:

Hand Weapons
 n - the +11 broad axe of the Teaching Genius (weapon) {drain, *Slow Dex+6}
   (You acquired it on level 3 of the Dungeon)

   Dex:       It affects your dexterity (+6).
   *Slow:     It may slow you when you take damage.
 C - the +7 morningstar "Yhaiz" {pain, Str+3 Int+2}
   (You bought it in a shop on level 1 of the Snake Pit)

   Str:       It affects your strength (+3).
   Int:       It affects your intelligence (+2).
Armour
 c - a +0 kite shield of reflection
 g - a +1 pair of gloves (worn)
 p - a +0 kite shield (worn)
 r - the +2 pair of slick slippers (worn) {slick, slippery, EV+4}
   (Okawaru gifted it to you on level 5 of the Lair of Beasts)

   Slick:     Its wearer cannot be constricted, engulfed, netted or webbed.
   Slippery:  Its wearer slips away from damaging melee attacks, pulling the
   attacker onward.
   EV:        It affects your evasion (+4).
 v - +0 acid dragon scales
 z - a +2 plate armour of poison resistance (worn)
 D - the +0 cloak of the Realm of Zot (worn) {Str+4 Int+2}
   (You bought it in a shop on level 9 of the Dungeon)

   Str:       It affects your strength (+4).
   Int:       It affects your intelligence (+2).
Jewellery
 k - a ring of protection from cold
 o - a ring of protection from fire
 q - a ring of protection from cold
 w - an amulet of reflection (around neck)
 y - a ring of protection from fire
 B - a +4 ring of slaying (right hand) {mikee}
 E - a +5 ring of evasion (left hand)
Wands
 x - a wand of digging (5)
Scrolls
 a - 12 scrolls of teleportation
 j - 14 scrolls of identify
 m - a scroll of enchant weapon
Potions
 d - 7 potions of might
 e - 9 potions of curing
 f - 5 potions of lignification
 h - a potion of haste
 i - 8 potions of attraction
 l - 6 potions of mutation
 s - 3 potions of cancellation
 t - 3 potions of resistance
 A - 2 potions of magic

Dungeon Overview and Level Annotations

Branches:
Dungeon (15/15)            Temple (1/1) D:7            Lair (5/5) D:10
  Swamp (0/4) Lair:3        Snake (2/4) Lair:3        Slime (0/5) Lair:4
    Orc (2/2) D:12            Elf (0/3) Orc:2        Vaults (0/5) D:13
 Depths (0/4) D:15

Altars:
Ashenzari
Cheibriados
Dithmenos
Elyvilon
Fedhas
Gozag
Hepliaklqana
Kikubaaqudgha
Makhleb
Nemelex Xobeh
Okawaru
Qazlal
Ru
Sif Muna
Trog
Uskayaw
Vehumet
Wu Jian
Xom
Yredelemnul
Zin
The Shining One
Jiyva

Shops:
D:1 =   D:5 =[(   D:9 [   Orc:2 (=:=   Snake:1 ((

Portals:
Trove: D:10 (give +4 shadow dragon scales)

Annotations:
D:3 1 runed translucent door, Crazy Yiuf
D:8 1 runed translucent door
D:12 3 runed translucent doors, Plog's ghost, journeyman DgVM
D:13 2 transporters, qw's ghost, journeyman GrCA
Lair:4 2 transporters
Lair:5 1 runed translucent door
Orc:1 3 runed translucent doors, burt's ghost, journeyman DrCj


Message History

You slash the mana viper! You drain the mana viper.
You block the black mamba's attack.
The salamander hits you but does no damage.
The salamander misses you. You block the mana viper's attack.
You block the salamander's attack. The black mamba barely misses you.
You slash the mana viper!
You kill the mana viper!
Okawaru accepts your kill.
You slash the black mamba! You drain the black mamba.
You kill the black mamba!
Okawaru accepts your kill. You block the salamander's attack.
The salamander closely misses you. The naga ritualist spits poison at you.
The splash of poison misses you. You block the salamander's attack.
The salamander hits you but does no damage. x2
You block the salamander's attack.
The naga ritualist completely misses you.
You block the salamander's attack.
You see here a +0 halberd.
You completely miss the naga ritualist.
The naga ritualist is heavily wounded.
You block the salamander's attack. x2
You closely miss the naga ritualist.
The naga ritualist is heavily wounded.
You block the salamander's attack. x2; You block the naga ritualist's attack.
You slice the naga ritualist!! You drain the naga ritualist!
You kill the naga ritualist!
Okawaru accepts your kill.
The salamander hits you from afar with a +0 trident.
You are engulfed in flames!
You block the salamander's attack.
The salamander hits you but does no damage.
24429 ||| READING 13 scrolls of teleportation.
As you read the scroll of teleportation, it crumbles to dust.
You feel strangely unstable. You block the salamander's attack.
The salamander hits you from afar with a +4 halberd.
You are engulfed in flames!
You block the salamander's attack.
The salamander hits you from afar with a +0 trident.
You are engulfed in flames!
You die...

...........#.......
.................#.
...............>...
................$..
...##...#...#..#
#...#......#
##NNN.....##
#...#......
#..@)[##...
#........###
##........#
##...?....#
###....... #...##.
#...# #...


You could see 3 salamanders.

Vanquished Creatures
  Kirke (D:12)
  Aizul (Snake:1)
  Josephine (D:12)
  2 fire dragons (D:15)
  An ice dragon (D:15)
  2 salamander tyrants
  6 hydras
  2 ogre magi (Orc:2)
  5 centaur warriors
  3 boulder beetles
  An anaconda (Snake:1)
  3 death yaks (Lair:4)
  14 two-headed ogres
  4 naga warriors
  A naga sharpshooter (Snake:1)
  2 shock serpents (Snake:3)
  11 skeletal warriors
  7 skysharks
  A salamander mystic (Snake:3)
  An iron troll (Orc:2)
  Lodul (D:12)
  A glowing orange brain (shapeshifter) (D:13)
  A bog body (Lair:3)
  3 naga ritualists
  A deep troll (Orc:2)
  An obsidian statue (D:10)
  An ugly thing (D:13)
  2 lindwurms (Lair:5)
  6 mana vipers
  2 deep elf pyromancers
  10 salamanders
  An orc sorcerer (Orc:1)
  12 cyclopes
  3 manticores
  Maurice (Orc:1)
  14 elephants
  6 naga magi
  12 black mambas
  6 torpor snails
  A guardian serpent (Snake:1)
  3 gargoyles
  9 cane toads
  3 rime drakes
  11 komodo dragons
  An unseen horror (D:12)
  A tengu conjurer (D:15)
  A freezing wraith (D:13)
  10 trolls
  3 tyrant leeches (Lair:5)
  2 polar bears
  Grinder (D:3)
  7 hornets (Lair:5)
  A wind drake (shapeshifter) (D:15)
  10 blink frogs
  2 shadows
  A wyvern (shapeshifter) (D:14)
  A centaur simulacrum (D:14)
  A spriggan (shapeshifter) (D:13)
  A vampire (D:12)
  35 yaks
  9 slime creatures
  10 wraiths
  4 wyverns
  7 fire bats (D:8)
  A fire elemental (D:12)
  2 basilisks
  4 hogs (D:12)
  A steam dragon (D:8)
  4 vampire mosquitoes (D:12)
  2 wargs (Orc:1)
  19 nagas
  5 acid dragons
  14 water moccasins
  14 orc warriors
  A sky beast (D:7)
  3 black bears
  An ice beast (shapeshifter) (D:11)
  29 ogres
  16 wolves
  8 centaurs
  3 phantoms
  8 bullfrogs
  A kobold brigand (D:10)
  5 scorpions
  3 wights (D:7)
  5 troll zombies (D:12)
  15 killer bees
  4 howler monkeys
  17 orc priests
  3 jellies (Lair:4)
  7 hounds
  2 gnoll boudas (D:7)
  3 sleepcaps
  Ijyb (D:4)
  3 iguanas
  Natasha (D:4)
  17 orc wizards
  4 hell rats (Lair:4)
  A statue (D:7)
  3 ogre zombies (D:12)
  16 gnolls
  8 adders
  2 shadow imps
  14 white imps
  2 ufetubi
  5 worms
  3 dart slugs
  53 orcs
  12 ball pythons
  10 endoplasms
  5 giant cockroaches
  11 goblins
  9 hobgoblins
  4 jackals (D:3)
  10 kobolds
  5 quokkas
  72 bats
  7 frilled lizards
  3 goblin zombies (D:12)
  2 hobgoblin skeletons (D:12)
  2 hobgoblin zombies (D:12)
  3 orc skeletons (D:12)
  15 orc zombies (D:12)
  8 rats
799 creatures vanquished.

Notes
Turn   | Place    | Note
-------+----------+-------------------------------------------
     0 | D:1      | qw the Gargoyle Fighter began the quest for the Orb.
     0 | D:1      | Reached XP level 1. HP: 14/14 MP: 1/1
     0 | D:1      | 0 ||| qw: Version: 0.2-a-98-g16b38d9
     0 | D:1      | 0 ||| qw: Game counter: 7
     0 | D:1      | 0 ||| qw: Always use a shield: true
     0 | D:1      | 0 ||| qw: God list: Okawaru
     0 | D:1      | 0 ||| qw: Allow faded altars: false
     0 | D:1      | 0 ||| qw: Do Orc after D:15 true
     0 | D:1      | 0 ||| qw: Do second Lair branch before Depths: true
     0 | D:1      | 0 ||| qw: Lair rune preference: random
     0 | D:1      | 0 ||| qw: Plans: Normal, Zot:1-4, God:TSO, Crypt, Tomb,
                  | Pan, Slime:5, Hells, Abyss, Win
     0 | D:1      | 0 ||| PLANNING D:1-11
     9 | D:1      | Found Lowonnit's Jewellery Shoppe.
    28 | D:1      | 28 ||| SHOPLISTING ring "Jaevett" {rN+ AC+4} (660 gold,
                  | have 25).
    28 | D:1      | 28 ||| SHOPLISTING ring "Wavuid" {rF- Str+8 SInv} (445
                  | gold, have 25).
    28 | D:1      | 28 ||| SHOPLISTING ring of Wetin {Fly rF+ rC+ Str+6 SInv
                  | Stlth+} (925 gold, have 25).
    28 | D:1      | 28 ||| SHOPLISTING ring of protection from cold (350 gold,
                  | have 25).
    28 | D:1      | 28 ||| SHOPLISTING ring of willpower (350 gold, have 25).
    49 | D:1      | Reached skill level 2 in Axes
    59 | D:1      | 59 ||| Stepping ~*~*~tactically~*~*~ (stealth).
    68 | D:1      | Reached XP level 2. HP: 14/19 MP: 2/2
   197 | D:1      | Reached skill level 3 in Axes
   202 | D:1      | Reached XP level 3. HP: 23/23 MP: 3/3
   204 | D:1      | 204 ||| Stepping ~*~*~tactically~*~*~ (stealth).
   205 | D:1      | 205 ||| Stepping ~*~*~tactically~*~*~ (stealth).
   565 | D:1      | 565 ||| UPGRADING to +0 chain mail.
   575 | D:1      | 575 ||| DROPPING +0 scale mail.
   576 | D:1      | 576 ||| UPGRADING to ring of positive energy.
   577 | D:1      | 577 ||| READING scroll labelled GURGHACLAIH.
   581 | D:1      | 581 ||| READING 2 scrolls labelled BAJOKO YSASK.
   684 | D:2      | 684 ||| Stepping ~*~*~tactically~*~*~ (hiding).
   702 | D:2      | 702 ||| Stepping ~*~*~tactically~*~*~ (hiding).
   730 | D:2      | 730 ||| Stepping ~*~*~tactically~*~*~ (hiding).
   731 | D:2      | 731 ||| Stepping ~*~*~tactically~*~*~ (hiding).
   898 | D:2      | Reached XP level 4. HP: 28/28 MP: 4/4
  1012 | D:2      | 1012 ||| Stepping ~*~*~tactically~*~*~ (stealth).
  1111 | D:2      | 1111 ||| Stepping ~*~*~tactically~*~*~ (stealth).
  1119 | D:2      | Reached skill level 4 in Axes
  1642 | D:2      | 1642 ||| READING scroll labelled BICZUSHRONAY.
  1643 | D:2      | 1643 ||| DRINKING 2 sedimented inky potions.
  1672 | D:2      | 1672 ||| READING 2 scrolls of identify.
  1672 | D:2      | 1672 ||| IDENTIFYING brown potion
  1705 | D:3      | Noticed Grinder
  1706 | D:3      | 1706 ||| Stepping ~*~*~tactically~*~*~ (hiding).
  1725 | D:3      | 1725 ||| Stepping ~*~*~tactically~*~*~ (hiding).
  1735 | D:3      | Paralysed by Grinder for 4 turns
  1742 | D:3      | Paralysed by Grinder for 4 turns
  1751 | D:3      | Killed Grinder
  1752 | D:3      | Reached skill level 5 in Axes
  1752 | D:3      | Reached XP level 5. HP: 11/32 MP: 5/5
  1752 | D:3      | Reached XP level 6. HP: 13/37 MP: 6/6
  1929 | D:3      | Found an opulent altar of Gozag.
  1952 | D:3      | 1952 ||| Stepping ~*~*~tactically~*~*~ (hiding).
  1957 | D:3      | 1957 ||| Stepping ~*~*~tactically~*~*~ (hiding).
  2413 | D:3      | 2413 ||| Stepping ~*~*~tactically~*~*~ (hiding).
  2416 | D:3      | 2416 ||| Stepping ~*~*~tactically~*~*~ (hiding).
  2611 | D:3      | Found a runed translucent door.
  2612 | D:3      | Noticed Crazy Yiuf
  2677 | D:3      | Found a faded altar of an unknown god.
  2860 | D:3      | 2860 ||| UPGRADING to +0 cloak.
  2865 | D:3      | 2865 ||| UPGRADING to amulet of the acrobat.
  2870 | D:3      | 2870 ||| READING scroll labelled GUNOFUMILE.
  2871 | D:3      | 2871 ||| READING scroll labelled YNNUKU RAECK.
  2871 | D:3      | Identified a scroll of acquirement
  2871 | D:3      | 2871 ||| ACQUIRING +11 broad axe of the Teaching Genius
                  | {drain, *Slow Dex+6}
  2871 | D:3      | Acquired the +11 broad axe of the Teaching Genius {drain,
                  | *Slow Dex+6}
  2873 | D:3      | 2873 ||| SWAPPING to +11 broad axe of the Teaching Genius
                  | {drain, *Slow Dex+6}.
  2874 | D:3      | 2874 ||| DROPPING +0 war axe.
  2917 | D:4      | 2917 ||| Stepping ~*~*~tactically~*~*~ (stealth).
  2926 | D:4      | Reached skill level 1 in Dodging
  2953 | D:4      | 2953 ||| Stepping ~*~*~tactically~*~*~ (stealth).
  2981 | D:4      | 2981 ||| Stepping ~*~*~tactically~*~*~ (stealth).
  2989 | D:4      | Noticed a black bear
  2990 | D:4      | 2990 ||| Stepping ~*~*~tactically~*~*~ (stealth).
  2996 | D:4      | 2996 ||| Stepping ~*~*~tactically~*~*~ (stealth).
  2997 | D:4      | 2997 ||| Stepping ~*~*~tactically~*~*~ (stealth).
  3000 | D:4      | Killed a black bear
  3001 | D:4      | Reached skill level 6 in Axes
  3001 | D:4      | Reached XP level 7. HP: 39/43 MP: 7/7
  3005 | D:4      | 3005 ||| Stepping ~*~*~tactically~*~*~ (stealth).
  3026 | D:4      | 3026 ||| Stepping ~*~*~tactically~*~*~ (stealth).
  3027 | D:4      | 3027 ||| Stepping ~*~*~tactically~*~*~ (stealth).
  3029 | D:4      | 3029 ||| Stepping ~*~*~tactically~*~*~ (stealth).
  3030 | D:4      | 3030 ||| Stepping ~*~*~tactically~*~*~ (stealth).
  3057 | D:4      | 3057 ||| Stepping ~*~*~tactically~*~*~ (hiding).
  3058 | D:4      | 3058 ||| Stepping ~*~*~tactically~*~*~ (hiding).
  3059 | D:4      | 3059 ||| Stepping ~*~*~tactically~*~*~ (hiding).
  3060 | D:4      | 3060 ||| Stepping ~*~*~tactically~*~*~ (hiding).
  3113 | D:4      | 3113 ||| DROPPING +0 club.
  3180 | D:4      | 3180 ||| Stepping ~*~*~tactically~*~*~ (hiding).
  3389 | D:4      | Reached skill level 7 in Axes
  3433 | D:4      | 3433 ||| Stepping ~*~*~tactically~*~*~ (stealth).
  3437 | D:4      | 3437 ||| Stepping ~*~*~tactically~*~*~ (stealth).
  3438 | D:4      | 3438 ||| Stepping ~*~*~tactically~*~*~ (stealth).
  3444 | D:4      | 3444 ||| Stepping ~*~*~tactically~*~*~ (stealth).
  3446 | D:4      | 3446 ||| Stepping ~*~*~tactically~*~*~ (stealth).
  3448 | D:4      | 3448 ||| Stepping ~*~*~tactically~*~*~ (stealth).
  3449 | D:4      | 3449 ||| Stepping ~*~*~tactically~*~*~ (stealth).
  3518 | D:4      | Noticed Natasha
  3519 | D:4      | 3519 ||| Stepping ~*~*~tactically~*~*~ (hiding).
  3522 | D:4      | Killed Natasha
  3625 | D:4      | Identified the +4 spear of Bodily Humours {antimagic, rPois
                  | SInv Stlth+}
  3788 | D:4      | Noticed Ijyb
  3789 | D:4      | 3789 ||| Stepping ~*~*~tactically~*~*~ (hiding).
  3797 | D:4      | Killed Ijyb
  3821 | D:4      | Reached skill level 1 in Throwing
  3821 | D:4      | Reached XP level 8. HP: 45/49 MP: 8/8
  3912 | D:4      | 3912 ||| UPGRADING to +0 kite shield.
  3922 | D:4      | 3922 ||| DROPPING +0 buckler.
  3923 | D:4      | 3923 ||| UPGRADING to amulet of reflection.
  3933 | D:4      | 3933 ||| DROPPING amulet of the acrobat.
  3934 | D:4      | 3934 ||| READING scroll labelled KEKIJE VABUH.
  3935 | D:4      | 3935 ||| READING 3 scrolls of identify.
  3935 | D:4      | 3935 ||| IDENTIFYING orange potion
  3936 | D:4      | 3936 ||| READING 2 scrolls of identify.
  3936 | D:4      | 3936 ||| IDENTIFYING fizzy yellow potion
  3996 | D:5      | Entered Level 5 of the Dungeon
  4121 | D:5      | Found Abeihuq's Antique Weapon Shop.
  4122 | D:5      | Found Nireira's Antique Armour Shop.
  4124 | D:5      | Found Nicident's Jewellery Shop.
  4135 | D:5      | 4135 ||| BUYING bronze scale mail (270 gold).
  4135 | D:5      | Bought a bronze scale mail for 270 gold pieces
  4135 | D:5      | Identified the +2 scale mail "Jezurit" {rPois Str+6 Dex-5}
                  | (You bought it in a shop on level 5 of the Dungeon)
  4135 | D:5      | 4135 ||| SHOPLISTING pair of glowing gloves (225 gold, have
                  | 9).
  4135 | D:5      | 4135 ||| SHOPLISTING runed plate armour (780 gold, have 9).
  4171 | D:5      | 4171 ||| Stepping ~*~*~tactically~*~*~ (stealth).
  4219 | D:5      | Reached skill level 6 in Shields
  4224 | D:5      | 4224 ||| Stepping ~*~*~tactically~*~*~ (stealth).
  4230 | D:5      | 4230 ||| Stepping ~*~*~tactically~*~*~ (stealth).
  4231 | D:5      | 4231 ||| Stepping ~*~*~tactically~*~*~ (stealth).
  4232 | D:5      | 4232 ||| Stepping ~*~*~tactically~*~*~ (stealth).
  4233 | D:5      | 4233 ||| Stepping ~*~*~tactically~*~*~ (stealth).
  4234 | D:5      | 4234 ||| Stepping ~*~*~tactically~*~*~ (stealth).
  4235 | D:5      | 4235 ||| Stepping ~*~*~tactically~*~*~ (stealth).
  4330 | D:5      | 4330 ||| READING scroll of enchant armour.
  4330 | D:5      | 4330 ||| ENCHANTING +0 cloak.
  4461 | D:5      | 4461 ||| Stepping ~*~*~tactically~*~*~ (hiding).
  4462 | D:5      | 4462 ||| Stepping ~*~*~tactically~*~*~ (hiding).
  4464 | D:5      | 4464 ||| Stepping ~*~*~tactically~*~*~ (hiding).
  4815 | D:5      | 4815 ||| DROPPING +2 scale mail "Jezurit" {rPois Str+6
                  | Dex-5}.
  4816 | D:5      | 4816 ||| UPGRADING to +0 pair of gloves.
  4927 | D:5      | 4927 ||| SHOPLISTING +4 ring of protection (360 gold, have
                  | 57).
  4927 | D:5      | 4927 ||| SHOPLISTING +6 ring of dexterity (360 gold, have
                  | 57).
  4927 | D:5      | 4927 ||| SHOPLISTING ring of resist corrosion (200 gold,
                  | have 57).
  5132 | D:6      | Found a shimmering altar of Xom.
  5134 | D:6      | Found a shimmering altar of Xom.
  5134 | D:6      | Found a shadowy altar of Dithmenos.
  5136 | D:6      | Found a basalt altar of Yredelemnul.
  5136 | D:6      | Found a hide-covered altar of Uskayaw.
  5136 | D:6      | Found a white marble altar of Elyvilon.
  5181 | D:6      | Found a shimmering blue altar of Sif Muna.
  5204 | D:6      | 5204 ||| Stepping ~*~*~tactically~*~*~ (stealth).
  5207 | D:6      | 5207 ||| Stepping ~*~*~tactically~*~*~ (stealth).
  5214 | D:6      | 5214 ||| Stepping ~*~*~tactically~*~*~ (hiding).
  5220 | D:6      | Reached XP level 9. HP: 52/54 MP: 9/9
  5270 | D:6      | 5270 ||| Stepping ~*~*~tactically~*~*~ (hiding).
  5271 | D:6      | 5271 ||| Stepping ~*~*~tactically~*~*~ (hiding).
  5284 | D:6      | 5284 ||| DROPPING +0 flail.
  5290 | D:6      | Reached skill level 8 in Axes
  5317 | D:6      | Found a broken altar of Ashenzari.
  5370 | D:6      | 5370 ||| READING scroll labelled OGOYDY ACEBUG.
  5371 | D:6      | 5371 ||| DRINKING 3 puce potions.
  5386 | D:5      | 5386 ||| SHOPLISTING glowing broad axe (231 gold, have 88).
  5555 | D:6      | Reached skill level 6 in Fighting
  5557 | D:6      | 5557 ||| Stepping ~*~*~tactically~*~*~ (stealth).
  5558 | D:6      | 5558 ||| Stepping ~*~*~tactically~*~*~ (stealth).
  5559 | D:6      | 5559 ||| Stepping ~*~*~tactically~*~*~ (stealth).
  5569 | D:6      | 5569 ||| Stepping ~*~*~tactically~*~*~ (hiding).
  5570 | D:6      | 5570 ||| Stepping ~*~*~tactically~*~*~ (hiding).
  5581 | D:6      | 5581 ||| Stepping ~*~*~tactically~*~*~ (hiding).
  5582 | D:6      | 5582 ||| Stepping ~*~*~tactically~*~*~ (hiding).
  5846 | D:6      | 5846 ||| UPGRADING to scarf of repulsion.
  5856 | D:6      | 5856 ||| UPGRADING to ring of protection from cold.
  5865 | D:7      | 5865 ||| Stepping ~*~*~tactically~*~*~ (hiding).
  5869 | D:7      | 5869 ||| Stepping ~*~*~tactically~*~*~ (hiding).
  5935 | D:7      | 5935 ||| Stepping ~*~*~tactically~*~*~ (hiding).
  6126 | D:7      | Found a radiant altar of Vehumet.
  6151 | D:7      | Noticed a deep elf pyromancer
  6255 | D:7      | Found a staircase to the Ecumenical Temple.
  6256 | D:7      | 6256 ||| PLANNING TEMPLE
  6256 | D:7      | 6256 ||| UPGRADING to +6 ring of dexterity.
  6272 | Temple   | Entered the Ecumenical Temple
  6332 | Temple   | 6332 ||| PLANNING OKAWARU WORSHIP
  6442 | Temple   | Became a worshipper of Warmaster Okawaru
  6442 | Temple   | 6442 ||| PLANNING D:1-11
  6520 | D:7      | 6520 ||| Stepping ~*~*~tactically~*~*~ (hiding).
  6555 | D:7      | 6555 ||| READING scroll of acquirement.
  6555 | D:7      | 6555 ||| ACQUIRING 832 gold pieces
  6555 | D:7      | Acquired 832 gold pieces
  6657 | D:7      | 6657 ||| Stepping ~*~*~tactically~*~*~ (stealth).
  6712 | D:7      | 6712 ||| DRINKING 2 smoky yellow potions.
  6713 | D:7      | 6713 ||| DROPPING potion of degeneration.
  6763 | D:8      | Found an ornate altar of the Wu Jian Council.
  7066 | D:8      | Reached skill level 9 in Axes
  7075 | D:8      | Noticed a two-headed ogre
  7079 | D:8      | 7079 ||| Stepping ~*~*~tactically~*~*~ (stealth).
  7084 | D:8      | Killed a two-headed ogre
  7084 | D:8      | Reached * piety under Okawaru
  7085 | D:8      | Reached XP level 10. HP: 28/64 MP: 10/10
  7154 | D:8      | 7154 ||| Stepping ~*~*~tactically~*~*~ (stealth).
  7243 | D:8      | Reached skill level 1 in Invocations
  7377 | D:8      | Found a flagged portal.
  7379 | D:8      | 7379 ||| Stepping ~*~*~tactically~*~*~ (water).
  7491 | D:8      | 7491 ||| Stepping ~*~*~tactically~*~*~ (cloud).
  7492 | D:8      | 7492 ||| INVOKING Heroism.
  7665 | D:8      | Found a runed translucent door.
  7695 | D:8      | Found a hazy altar of Hepliaklqana.
  7711 | D:8      | Found a sparkling altar of Nemelex Xobeh.
  7738 | D:8      | Found a burning altar of Makhleb.
  7752 | D:8      | Reached skill level 3 in Invocations
  7761 | D:8      | 7761 ||| Stepping ~*~*~tactically~*~*~ (stealth).
  7765 | D:8      | 7765 ||| Stepping ~*~*~tactically~*~*~ (stealth).
  7772 | D:8      | 7772 ||| Stepping ~*~*~tactically~*~*~ (stealth).
  7783 | D:8      | Found a basalt altar of Yredelemnul.
  7810 | D:8      | Reached skill level 3 in Dodging
  7847 | D:8      | Reached skill level 9 in Shields
  7852 | D:8      | Noticed a flayed ghost
  7852 | D:8      | Found the +13 scythe of Curses {drain, curses, Drain}
  7902 | D:8      | Found a shimmering altar of Xom.
  7906 | D:8      | Reached ** piety under Okawaru
  7928 | D:8      | 7928 ||| Stepping ~*~*~tactically~*~*~ (stealth).
  7943 | D:8      | Found a stormy altar of Qazlal.
  8305 | D:8      | 8305 ||| Stepping ~*~*~tactically~*~*~ (stealth).
  8307 | D:8      | 8307 ||| Stepping ~*~*~tactically~*~*~ (stealth).
  8310 | D:8      | 8310 ||| Stepping ~*~*~tactically~*~*~ (stealth).
  8314 | D:8      | 8314 ||| Stepping ~*~*~tactically~*~*~ (stealth).
  8318 | D:8      | 8318 ||| Stepping ~*~*~tactically~*~*~ (stealth).
  8327 | D:8      | 8327 ||| UPGRADING to ring of see invisible.
  8329 | D:8      | 8329 ||| READING 2 scrolls labelled UCVAG JEOFUOQE.
  8330 | D:8      | 8330 ||| READING scroll labelled FATAH IPILLIPU.
  8331 | D:8      | 8331 ||| READING scroll labelled ZOINLAPRASU.
  8432 | D:8      | 8432 ||| READING scroll labelled JITZIRETUOM.
  8433 | D:8      | 8433 ||| READING 3 scrolls of identify.
  8433 | D:8      | 8433 ||| IDENTIFYING red potion
  8434 | D:8      | 8434 ||| DRINKING potion of experience.
  8434 | D:8      | Reached skill level 12 in Axes
  8434 | D:8      | Reached XP level 11. HP: 68/68 MP: 14/14
  8435 | D:8      | 8435 ||| READING 2 scrolls of identify.
  8435 | D:8      | 8435 ||| IDENTIFYING fuming puce potion
  8436 | D:8      | 8436 ||| DROPPING potion of invisibility.
  8437 | D:8      | 8437 ||| DROPPING scroll of magic mapping.
  8548 | D:9      | 8548 ||| Stepping ~*~*~tactically~*~*~ (stealth).
  8550 | D:9      | 8550 ||| Stepping ~*~*~tactically~*~*~ (hiding).
  8696 | D:9      | 8696 ||| Stepping ~*~*~tactically~*~*~ (hiding).
  8698 | D:9      | 8698 ||| Stepping ~*~*~tactically~*~*~ (hiding).
  8710 | D:9      | Reached skill level 3 in Throwing
  8767 | D:9      | 8767 ||| Stepping ~*~*~tactically~*~*~ (hiding).
  8768 | D:9      | 8768 ||| Stepping ~*~*~tactically~*~*~ (hiding).
  8879 | D:9      | 8879 ||| Stepping ~*~*~tactically~*~*~ (stealth).
  8882 | D:9      | 8882 ||| Stepping ~*~*~tactically~*~*~ (hiding).
  9008 | D:9      | Found Wuresulu's Armour Boutique.
  9012 | D:9      | Found a shadowy altar of Dithmenos.
  9015 | D:9      | 9015 ||| BUYING +0 cloak of the Realm of Zot {Str+4 Int+2}
                  | (313 gold).
  9015 | D:9      | Bought the +0 cloak of the Realm of Zot {Str+4 Int+2} for
                  | 313 gold pieces
  9015 | D:9      | 9015 ||| BUYING +0 pair of boots (58 gold).
  9015 | D:9      | Bought a +0 pair of boots for 58 gold pieces
  9015 | D:9      | 9015 ||| BUYING +0 plate armour (299 gold).
  9015 | D:9      | Bought a +0 plate armour for 299 gold pieces
  9015 | D:9      | 9015 ||| BUYING +2 scale mail of fire resistance (273
                  | gold).
  9015 | D:9      | Bought a +2 scale mail of fire resistance for 273 gold
                  | pieces
  9015 | D:9      | 9015 ||| SHOPLISTING +8 ice dragon scales of Qasesi {rPois
                  | rF- rC++ Regen+ rCorr Dex+2} (1487 gold, have 265).
  9210 | D:9      | 9210 ||| Stepping ~*~*~tactically~*~*~ (stealth).
  9421 | D:9      | 9421 ||| INVOKING Heroism.
  9464 | D:9      | 9464 ||| DROPPING +1 cloak.
  9465 | D:9      | 9465 ||| UPGRADING to +0 cloak of the Realm of Zot {Str+4
                  | Int+2}.
  9475 | D:9      | 9475 ||| DROPPING scarf of repulsion.
  9476 | D:9      | 9476 ||| UPGRADING to +0 pair of boots.
  9481 | D:9      | 9481 ||| UPGRADING to +0 plate armour.
  9491 | D:9      | 9491 ||| DROPPING +0 chain mail.
  9492 | D:9      | 9492 ||| DROPPING ring of positive energy.
  9493 | D:9      | 9493 ||| UPGRADING to +6 ring of strength.
  9495 | D:9      | 9495 ||| READING scroll labelled ONUASCHEBBAF.
  9496 | D:9      | 9496 ||| DRINKING 2 inky potions.
  9497 | D:9      | 9497 ||| READING 4 scrolls of identify.
  9497 | D:9      | 9497 ||| IDENTIFYING ruby potion
  9498 | D:9      | 9498 ||| READING 3 scrolls of identify.
  9498 | D:9      | 9498 ||| IDENTIFYING yellow potion
  9499 | D:9      | 9499 ||| READING 2 scrolls of identify.
  9499 | D:9      | 9499 ||| IDENTIFYING coppery potion
  9500 | D:9      | 9500 ||| DROPPING potion of brilliance.
  9501 | D:9      | 9501 ||| DROPPING potion of flight.
  9507 | D:10     | Entered Level 10 of the Dungeon
  9520 | D:10     | Noticed a two-headed ogre
  9522 | D:10     | 9522 ||| INVOKING Heroism.
  9529 | D:10     | Killed a two-headed ogre
  9530 | D:10     | Reached XP level 12. HP: 73/73 MP: 13/15
  9546 | D:10     | Found a portal to a secret trove of treasure.
  9593 | D:10     | Reached skill level 6 in Armour
  9645 | D:10     | 9645 ||| INVOKING Heroism.
  9667 | D:10     | 9667 ||| INVOKING Heroism.
  9670 | D:10     | Gained mutation: You are clumsy. (Dex -2) [a neqoxec]
  9690 | D:10     | 9690 ||| INVOKING Heroism.
  9699 | D:10     | Noticed a soul eater
  9712 | D:10     | HP: 8/73 [red devil/+0 trident[an obsidian statue] (11)]
  9713 | D:10     | 9713 ||| READING 10 scrolls of teleportation.
  9713 | D:10     | HP: 1/73 [red devil/+0 trident[an obsidian statue] (8)]
  9714 | D:10     | Noticed a sun demon
  9714 | D:10     | 9714 ||| DRINKING 3 potions of heal wounds.
  9716 | D:10     | 9716 ||| INVOKING Heroism.
  9950 | D:10     | Found a staircase to the Lair.
  9960 | D:10     | 9960 ||| INVOKING Heroism.
 10059 | D:10     | 10059 ||| Stepping ~*~*~tactically~*~*~ (stealth).
 10061 | D:10     | 10061 ||| Stepping ~*~*~tactically~*~*~ (stealth).
 10063 | D:10     | 10063 ||| Stepping ~*~*~tactically~*~*~ (hiding).
 10123 | D:10     | 10123 ||| INVOKING Heroism.
 10140 | D:10     | Noticed a soul eater
 10754 | D:10     | 10754 ||| PLANNING LAIR
 10754 | D:10     | 10754 ||| READING scroll labelled LOENWUPNAOWU.
 10911 | Lair:1   | Entered Level 1 of the Lair of Beasts
 10971 | Lair:1   | 10971 ||| Stepping ~*~*~tactically~*~*~ (hiding).
 10985 | Lair:1   | 10985 ||| Stepping ~*~*~tactically~*~*~ (stealth).
 10988 | Lair:1   | 10988 ||| Stepping ~*~*~tactically~*~*~ (stealth).
 11006 | Lair:1   | 11006 ||| Stepping ~*~*~tactically~*~*~ (hiding).
 11008 | Lair:1   | 11008 ||| Stepping ~*~*~tactically~*~*~ (hiding).
 11278 | Lair:1   | 11278 ||| INVOKING Heroism.
 11302 | Lair:1   | 11302 ||| INVOKING Heroism.
 11303 | Lair:1   | 11303 ||| Stepping ~*~*~tactically~*~*~ (stealth).
 11304 | Lair:1   | 11304 ||| Stepping ~*~*~tactically~*~*~ (stealth).
 11404 | Lair:1   | 11404 ||| INVOKING Heroism.
 11980 | Lair:2   | Noticed a skyshark
 11984 | Lair:2   | Reached skill level 9 in Fighting
 11996 | Lair:2   | Killed a skyshark
 12039 | Lair:2   | 12039 ||| READING scroll of enchant armour.
 12039 | Lair:2   | 12039 ||| ENCHANTING +0 pair of gloves.
 12119 | Lair:2   | 12119 ||| Stepping ~*~*~tactically~*~*~ (hiding).
 12127 | Lair:2   | Reached skill level 9 in Armour
 12313 | Lair:2   | 12313 ||| INVOKING Heroism.
 12357 | Lair:2   | Found a dark tunnel.
 12432 | Lair:2   | Noticed a four-headed hydra
 12433 | Lair:2   | 12433 ||| INVOKING Heroism.
 12436 | Lair:2   | 12436 ||| SWAPPING to +2 flail of holy wrath.
 12438 | Lair:2   | Killed a four-headed hydra
 12439 | Lair:2   | 12439 ||| SWAPPING to +11 broad axe of the Teaching Genius
                  | {drain, *Slow Dex+6}.
 12459 | Lair:2   | 12459 ||| INVOKING Heroism.
 12571 | Lair:2   | Reached XP level 13. HP: 82/82 MP: 16/16
 12599 | Lair:2   | 12599 ||| INVOKING Heroism.
 12743 | Lair:2   | 12743 ||| DROPPING amulet of guardian spirit.
 12775 | Lair:3   | 12775 ||| INVOKING Heroism.
 12784 | Lair:3   | Reached *** piety under Okawaru
 12810 | Lair:3   | Reached skill level 13 in Axes
 12816 | Lair:3   | Found a staircase to the Swamp.
 12822 | Lair:3   | 12822 ||| INVOKING Heroism.
 12936 | Lair:3   | Reached **** piety under Okawaru
 13150 | Lair:3   | 13150 ||| Stepping ~*~*~tactically~*~*~ (hiding).
 13221 | Lair:3   | Found a staircase to the Snake Pit.
 13372 | Lair:4   | 13372 ||| STAIRDANCE
 13428 | Lair:4   | 13428 ||| Stepping ~*~*~tactically~*~*~ (stealth).
 13494 | Lair:4   | 13494 ||| INVOKING Heroism.
 13497 | Lair:4   | 13497 ||| SWAPPING to +2 flail of holy wrath.
 13507 | Lair:4   | 13507 ||| SWAPPING to +11 broad axe of the Teaching Genius
                  | {drain, *Slow Dex+6}.
 13516 | Lair:4   | 13516 ||| Stepping ~*~*~tactically~*~*~ (stealth).
 13520 | Lair:4   | 13520 ||| INVOKING Heroism.
 13527 | Lair:4   | Reached skill level 14 in Axes
 13642 | Lair:4   | 13642 ||| Stepping ~*~*~tactically~*~*~ (stealth).
 13695 | Lair:4   | Found a staircase to the Slime Pits.
 13697 | Lair:4   | 13697 ||| Stepping ~*~*~tactically~*~*~ (stealth).
 13698 | Lair:4   | 13698 ||| Stepping ~*~*~tactically~*~*~ (stealth).
 13702 | Lair:4   | Reached skill level 6 in Invocations
 13704 | Lair:4   | Found a viscous altar of Jiyva.
 13729 | Lair:4   | Reached ***** piety under Okawaru
 14026 | Lair:4   | Found a transporter.
 14050 | Lair:4   | 14050 ||| INVOKING Heroism.
 14080 | Lair:4   | Found a transporter.
 14223 | Lair:4   | 14223 ||| INVOKING Heroism.
 14238 | Lair:4   | 14238 ||| INVOKING Finesse.
 14300 | Lair:4   | Identified the +2 leather armour "Laokeaf" {*Corrode rPois
                  | Regen+ Str+3}
 14463 | Lair:4   | 14463 ||| READING 2 scrolls of identify.
 14463 | Lair:4   | 14463 ||| IDENTIFYING fuming orange potion
 14506 | Lair:5   | Entered Level 5 of the Lair of Beasts
 14507 | Lair:5   | 14507 ||| INVOKING Heroism.
 14508 | Lair:5   | Received a gift from Okawaru
 14592 | Lair:5   | 14592 ||| Stepping ~*~*~tactically~*~*~ (stealth).
 14595 | Lair:5   | 14595 ||| Stepping ~*~*~tactically~*~*~ (stealth).
 14606 | Lair:5   | 14606 ||| INVOKING Heroism.
 14609 | Lair:5   | 14609 ||| SWAPPING to +2 flail of holy wrath.
 14622 | Lair:5   | Gained mutation: Your large and strong wings let you fly.
                  | [Gargoyle growth]
 14622 | Lair:5   | Reached XP level 14. HP: 74/88 MP: 18/20
 14622 | Lair:5   | 14622 ||| SWAPPING to +11 broad axe of the Teaching Genius
                  | {drain, *Slow Dex+6}.
 14809 | Lair:5   | Found a runed translucent door.
 14811 | Lair:5   | 14811 ||| INVOKING Heroism.
 14847 | Lair:5   | 14847 ||| INVOKING Heroism.
 14863 | Lair:5   | 14863 ||| Stepping ~*~*~tactically~*~*~ (stealth).
 14864 | Lair:5   | 14864 ||| Stepping ~*~*~tactically~*~*~ (stealth).
 14882 | Lair:5   | Reached skill level 9 in Invocations
 14995 | Lair:5   | 14995 ||| Stepping ~*~*~tactically~*~*~ (hiding).
 15003 | Lair:5   | Received a gift from Okawaru
 15003 | Lair:5   | Found the +2 pair of slick slippers {slick, slippery, EV+4}
 15062 | Lair:5   | 15062 ||| INVOKING Heroism.
 15231 | Lair:5   | 15231 ||| INVOKING Heroism.
 15236 | Lair:5   | Reached skill level 12 in Shields
 15239 | Lair:5   | 15239 ||| SWAPPING to +2 flail of holy wrath.
 15246 | Lair:5   | 15246 ||| SWAPPING to +11 broad axe of the Teaching Genius
                  | {drain, *Slow Dex+6}.
 15381 | Lair:5   | 15381 ||| Stepping ~*~*~tactically~*~*~ (stealth).
 15384 | Lair:5   | 15384 ||| Stepping ~*~*~tactically~*~*~ (stealth).
 15386 | Lair:5   | 15386 ||| Stepping ~*~*~tactically~*~*~ (stealth).
 15392 | Lair:5   | 15392 ||| Stepping ~*~*~tactically~*~*~ (stealth).
 15393 | Lair:5   | 15393 ||| Stepping ~*~*~tactically~*~*~ (stealth).
 15504 | Lair:5   | 15504 ||| INVOKING Heroism.
 16003 | Lair:5   | 16003 ||| PLANNING D:1-11
 16003 | Lair:5   | 16003 ||| UPGRADING to +2 pair of slick slippers {slick,
                  | slippery, EV+4}.
 16013 | Lair:5   | 16013 ||| DROPPING +0 pair of boots.
 16014 | Lair:5   | 16014 ||| DRINKING 2 green potions.
 16206 | D:11     | 16206 ||| Stepping ~*~*~tactically~*~*~ (hiding).
 16225 | D:11     | 16225 ||| Stepping ~*~*~tactically~*~*~ (hiding).
 16232 | D:11     | 16232 ||| Stepping ~*~*~tactically~*~*~ (hiding).
 16235 | D:11     | 16235 ||| Stepping ~*~*~tactically~*~*~ (hiding).
 16239 | D:11     | 16239 ||| Stepping ~*~*~tactically~*~*~ (stealth).
 16240 | D:11     | 16240 ||| Stepping ~*~*~tactically~*~*~ (stealth).
 16240 | D:11     | Found a frozen archway.
 16487 | D:11     | 16487 ||| PLANNING D
 16487 | D:11     | 16487 ||| READING 3 scrolls of identify.
 16487 | D:11     | 16487 ||| IDENTIFYING amethyst potion
 16488 | D:11     | 16488 ||| DROPPING potion of ambrosia.
 16521 | D:12     | Found a runed translucent gate.
 16521 | D:12     | Found a runed translucent gate.
 16521 | D:12     | Found a runed translucent gate.
 16522 | D:12     | 16522 ||| Stepping ~*~*~tactically~*~*~ (hiding).
 16529 | D:12     | 16529 ||| Stepping ~*~*~tactically~*~*~ (stealth).
 16531 | D:12     | 16531 ||| Stepping ~*~*~tactically~*~*~ (hiding).
 16533 | D:12     | 16533 ||| Stepping ~*~*~tactically~*~*~ (stealth).
 16534 | D:12     | Noticed Josephine
 16543 | D:12     | Killed Josephine
 16605 | D:12     | 16605 ||| Stepping ~*~*~tactically~*~*~ (hiding).
 16609 | D:12     | 16609 ||| INVOKING Heroism.
 16626 | D:12     | Reached skill level 15 in Axes
 16657 | D:12     | Noticed Lodul
 16658 | D:12     | 16658 ||| Stepping ~*~*~tactically~*~*~ (hiding).
 16670 | D:12     | 16670 ||| INVOKING Heroism.
 16679 | D:12     | Killed Lodul
 16897 | D:12     | Noticed Plog's ghost (journeyman DgVM)
 16958 | D:12     | 16958 ||| DROPPING +2 flail of holy wrath.
 16972 | D:12     | Found a staircase to the Orcish Mines.
 16989 | D:12     | Reached skill level 12 in Fighting
 17013 | D:12     | Noticed Kirke
 17014 | D:12     | 17014 ||| Stepping ~*~*~tactically~*~*~ (stealth).
 17016 | D:12     | 17016 ||| Stepping ~*~*~tactically~*~*~ (stealth).
 17024 | D:12     | 17024 ||| INVOKING Heroism.
 17049 | D:12     | 17049 ||| DRINKING 4 potions of cancellation.
 17055 | D:12     | Killed Kirke
 17061 | D:12     | Reached XP level 15. HP: 96/96 MP: 22/22
 17295 | D:12     | Received a gift from Okawaru
 17421 | D:12     | 17421 ||| INVOKING Heroism.
 17541 | D:13     | 17541 ||| PLANNING GAUNTLET
 17541 | D:13     | 17541 ||| INVOKING Heroism.
 17801 | D:13     | 17801 ||| Stepping ~*~*~tactically~*~*~ (hiding).
 17924 | D:13     | 17924 ||| INVOKING Heroism.
 17977 | D:13     | 17977 ||| RIP GAUNTLET
 17982 | D:13     | 17982 ||| PLANNING D
 17989 | D:13     | Noticed qw's ghost (journeyman GrCA)
 17991 | D:13     | Found a transporter.
 17991 | D:13     | Noticed a storm dragon
 17995 | D:13     | Found a transporter.
 18010 | D:13     | Identified the +9 shortbow of Midwinter {elec, rC- MP+9
                  | Str+6 Dex+3}
 18016 | D:13     | 18016 ||| INVOKING Heroism.
 18057 | D:13     | 18057 ||| INVOKING Heroism.
 18106 | D:13     | 18106 ||| Stepping ~*~*~tactically~*~*~ (cloud).
 18114 | D:13     | 18114 ||| Stepping ~*~*~tactically~*~*~ (cloud).
 18285 | D:13     | Found a gate to the Vaults.
 18350 | D:13     | Reached skill level 16 in Axes
 18401 | D:13     | 18401 ||| Stepping ~*~*~tactically~*~*~ (hiding).
 18788 | D:14     | 18788 ||| INVOKING Heroism.
 18879 | D:14     | 18879 ||| DRINKING 12 potions of curing.
 18879 | D:14     | 18879 ||| (to cure confusion)
 18886 | D:14     | 18886 ||| Stepping ~*~*~tactically~*~*~ (hiding).
 18887 | D:14     | 18887 ||| Stepping ~*~*~tactically~*~*~ (hiding).
 18889 | D:14     | 18889 ||| INVOKING Heroism.
 18890 | D:14     | Received a gift from Okawaru
 18891 | D:14     | 18891 ||| SWAPPING to +0 morningstar.
 18900 | D:14     | 18900 ||| SWAPPING to +11 broad axe of the Teaching Genius
                  | {drain, *Slow Dex+6}.
 18901 | D:14     | 18901 ||| DRINKING 11 potions of curing.
 18901 | D:14     | 18901 ||| (to cure confusion)
 18902 | D:14     | 18902 ||| DRINKING 10 potions of curing.
 18902 | D:14     | 18902 ||| (to cure confusion)
 18940 | D:14     | Found a radiant altar of Vehumet.
 19072 | D:14     | You are sucked into a shaft and drop 1 floor!
 19072 | D:15     | Entered Level 15 of the Dungeon
 19138 | D:14     | 19138 ||| Stepping ~*~*~tactically~*~*~ (hiding).
 19217 | D:14     | 19217 ||| Stepping ~*~*~tactically~*~*~ (hiding).
 19222 | D:14     | 19222 ||| Stepping ~*~*~tactically~*~*~ (hiding).
 19228 | D:14     | 19228 ||| INVOKING Heroism.
 19229 | D:14     | 19229 ||| READING 18 scrolls of teleportation.
 19322 | D:14     | 19322 ||| Stepping ~*~*~tactically~*~*~ (stealth).
 19323 | D:14     | 19323 ||| Stepping ~*~*~tactically~*~*~ (stealth).
 19455 | D:14     | 19455 ||| Stepping ~*~*~tactically~*~*~ (hiding).
 19459 | D:14     | 19459 ||| Stepping ~*~*~tactically~*~*~ (hiding).
 19786 | D:15     | 19786 ||| Stepping ~*~*~tactically~*~*~ (stealth).
 19796 | D:15     | 19796 ||| Stepping ~*~*~tactically~*~*~ (stealth).
 19807 | D:15     | 19807 ||| Stepping ~*~*~tactically~*~*~ (stealth).
 20027 | D:15     | 20027 ||| Stepping ~*~*~tactically~*~*~ (hiding).
 20028 | D:15     | 20028 ||| Stepping ~*~*~tactically~*~*~ (hiding).
 20036 | D:15     | 20036 ||| INVOKING Heroism.
 20042 | D:15     | HP: 22/96 [ice dragon/blast of cold (45)]
 20043 | D:15     | 20043 ||| READING 18 scrolls of teleportation.
 20044 | D:15     | 20044 ||| DRINKING 4 potions of heal wounds.
 20256 | D:15     | 20256 ||| INVOKING Heroism.
 20262 | D:15     | HP: 8/96 [ice dragon/blast of cold (55)]
 20263 | D:15     | 20263 ||| READING 17 scrolls of teleportation.
 20264 | D:15     | 20264 ||| DRINKING 3 potions of heal wounds.
 20268 | D:15     | HP: 10/96 [fire dragon/blast of flame (20)]
 20269 | D:15     | 20269 ||| READING 16 scrolls of teleportation.
 20269 | D:15     | HP: 3/96 [fire dragon (7)]
 20270 | D:15     | 20270 ||| DRINKING 2 potions of heal wounds.
 20449 | D:15     | 20449 ||| INVOKING Heroism.
 20548 | D:15     | 20548 ||| INVOKING Heroism.
 20743 | D:15     | 20743 ||| INVOKING Heroism.
 20745 | D:15     | 20745 ||| Stepping ~*~*~tactically~*~*~ (hiding).
 20747 | D:15     | 20747 ||| Stepping ~*~*~tactically~*~*~ (hiding).
 21039 | D:15     | Found a staircase to the Depths.
 21076 | D:15     | 21076 ||| PLANNING ORC
 21076 | D:15     | 21076 ||| READING scroll labelled UGASMIY AHIFAT.
 21152 | Orc:1    | Entered Level 1 of the Orcish Mines
 21226 | Orc:2    | Entered Level 2 of the Orcish Mines
 21253 | Orc:2    | 21253 ||| Stepping ~*~*~tactically~*~*~ (hiding).
 21254 | Orc:2    | 21254 ||| Stepping ~*~*~tactically~*~*~ (hiding).
 21255 | Orc:2    | 21255 ||| Stepping ~*~*~tactically~*~*~ (hiding).
 21261 | Orc:2    | Found a staircase to the Elven Halls.
 21268 | Orc:2    | 21268 ||| INVOKING Heroism.
 21417 | Orc:1    | 21417 ||| INVOKING Heroism.
 21649 | Orc:1    | Found a runed translucent gate.
 21650 | Orc:1    | Found a runed translucent gate.
 21650 | Orc:1    | Noticed Maurice
 21651 | Orc:1    | Found a runed translucent gate.
 21652 | Orc:1    | 21652 ||| Stepping ~*~*~tactically~*~*~ (hiding).
 21653 | Orc:1    | 21653 ||| Stepping ~*~*~tactically~*~*~ (hiding).
 21662 | Orc:1    | Killed Maurice
 21682 | Orc:1    | Noticed burt's ghost (journeyman DrCj)
 21684 | Orc:1    | Identified the +0 chain mail of Loifibli {Harm rElec}
 22142 | Orc:2    | 22142 ||| INVOKING Heroism.
 22168 | Orc:2    | Reached skill level 17 in Axes
 22168 | Orc:2    | Reached XP level 16. HP: 60/101 MP: 23/23
 22179 | Orc:2    | HP: 25/101 [two-headed ogre/+0 giant club (9)]
 22180 | Orc:2    | 22180 ||| READING 15 scrolls of teleportation.
 22181 | Orc:2    | Received a gift from Okawaru
 22186 | Orc:2    | Found Tyxik's Jewellery Emporium.
 22194 | Orc:2    | 22194 ||| INVOKING Heroism.
 22214 | Orc:2    | 22214 ||| INVOKING Heroism.
 22409 | Orc:2    | Found Acoqatra's Book Emporium.
 22415 | Orc:2    | Found Disa's Jewellery Shop.
 22583 | Orc:2    | Found Zisuarr's Antique Weapon Shoppe.
 22586 | Orc:2    | 22586 ||| BUYING +4 ring of slaying (1326 gold).
 22586 | Orc:2    | Bought a +4 ring of slaying for 1326 gold pieces
 22586 | Orc:2    | 22586 ||| BUYING +5 ring of evasion (612 gold).
 22586 | Orc:2    | Bought a +5 ring of evasion for 612 gold pieces
 22586 | Orc:2    | 22586 ||| SHOPLISTING ring "Campiaf" {rF+ Str+3} (651 gold,
                  | have 618).
 22662 | Orc:2    | 22662 ||| INVOKING Heroism.
 22695 | Orc:2    | 22695 ||| PLANNING SNAKE:1-3
 22695 | Orc:2    | 22695 ||| UPGRADING to +2 plate armour of poison
                  | resistance.
 22705 | Orc:2    | 22705 ||| DROPPING +0 plate armour.
 22706 | Orc:2    | 22706 ||| DROPPING +2 scale mail of fire resistance.
 22707 | Orc:2    | 22707 ||| DROPPING +6 ring of dexterity.
 22708 | Orc:2    | 22708 ||| UPGRADING to +4 ring of slaying {mikee}.
 22710 | Orc:2    | 22710 ||| UPGRADING to +5 ring of evasion.
 22712 | Orc:2    | 22712 ||| DROPPING +6 ring of strength.
 22713 | Orc:2    | 22713 ||| DROPPING ring of see invisible.
 22904 | Snake:1  | Entered Level 1 of the Snake Pit
 22925 | Snake:1  | 22925 ||| INVOKING Heroism.
 23052 | Snake:1  | 23052 ||| Stepping ~*~*~tactically~*~*~ (hiding).
 23053 | Snake:1  | 23053 ||| Stepping ~*~*~tactically~*~*~ (hiding).
 23055 | Snake:1  | 23055 ||| Stepping ~*~*~tactically~*~*~ (hiding).
 23070 | Snake:1  | 23070 ||| INVOKING Heroism.
 23124 | Snake:1  | 23124 ||| Stepping ~*~*~tactically~*~*~ (stealth).
 23134 | Snake:1  | 23134 ||| Stepping ~*~*~tactically~*~*~ (stealth).
 23200 | Snake:1  | 23200 ||| Stepping ~*~*~tactically~*~*~ (hiding).
 23377 | Snake:1  | 23377 ||| Stepping ~*~*~tactically~*~*~ (hiding).
 23552 | Snake:1  | Found Ikoxia's Weapon Shoppe.
 23552 | Snake:1  | Found Furit's Antique Weapon Emporium.
 23567 | Snake:1  | 23567 ||| BUYING translucent morningstar (297 gold).
 23567 | Snake:1  | Bought a translucent morningstar for 297 gold pieces
 23567 | Snake:1  | Identified the +7 morningstar "Yhaiz" {pain, Str+3 Int+2}
                  | (You bought it in a shop on level 1 of the Snake Pit)
 23567 | Snake:1  | 23567 ||| DROPPING +0 morningstar.
 23571 | Snake:1  | 23571 ||| Stepping ~*~*~tactically~*~*~ (hiding).
 23575 | Snake:1  | Noticed Aizul
 23576 | Snake:1  | 23576 ||| Stepping ~*~*~tactically~*~*~ (stealth).
 23599 | Snake:1  | 23599 ||| Stepping ~*~*~tactically~*~*~ (hiding).
 23600 | Snake:1  | 23600 ||| Stepping ~*~*~tactically~*~*~ (hiding).
 23601 | Snake:1  | 23601 ||| Stepping ~*~*~tactically~*~*~ (hiding).
 23619 | Snake:1  | Reached skill level 12 in Armour
 23645 | Snake:1  | 23645 ||| Stepping ~*~*~tactically~*~*~ (stealth).
 23648 | Snake:1  | 23648 ||| INVOKING Heroism.
 23649 | Snake:1  | 23649 ||| INVOKING Finesse.
 23663 | Snake:1  | Killed Aizul
 24077 | Snake:2  | 24077 ||| INVOKING Heroism.
 24335 | Snake:2  | Received a gift from Okawaru
 24370 | Snake:2  | You are sucked into a shaft and drop 1 floor!
 24371 | Snake:3  | 24371 ||| INVOKING Heroism.
 24385 | Snake:3  | Reached skill level 18 in Axes
 24398 | Snake:3  | 24398 ||| INVOKING Heroism.
 24399 | Snake:3  | HP: 22/104 [salamander/+4 halberd (11)]
 24400 | Snake:3  | 24400 ||| READING 14 scrolls of teleportation.
 24401 | Snake:3  | 24401 ||| DRINKING potion of heal wounds.
 24428 | Snake:3  | HP: 25/104 [salamander/+0 trident (8)]
 24429 | Snake:3  | 24429 ||| READING 13 scrolls of teleportation.
 24429 | Snake:3  | HP: 9/104 [salamander/+4 halberd (11)]
 24429 | Snake:3  | Slain by a salamander

Levels and vault maps discovered:
D:1:      scummos_arrival_hexagon, layout_rooms, serial_shops, shop, st_stairs_2
D:2:      minmay_wonky_spiral, layout_basic
D:3:      layout_loops_ring, mainiacjoe_overflow_catwalk,
          chequers_ecumenical_altar_grove, uniq_grinder, uniq_crazy_yiuf_cottage
D:4:      kennysheep_six_static_rooms, layout_basic, uniq_natasha, uniq_ijyb
D:5:      layout_basic, nicolae_shop_distant_corner_stores
D:6:      layout_basic, doesnt_xom_only_xom, lemuel_round_altar, led_sif_pool,
          hangedman_minor_gate_pass
D:7:      layout_rooms, vehumet_statue, minmay_temple_entry_offerings,
          grunt_decor_clamped, lightli_corner_chamber
D:8:      due_megacathedral, layout_layer_cave, nicolae_wu_jian_glorious_leap,
          enter_bailey_4
D:9:      layout_basic, nicolae_dithmenos_the_darkroom, serial_shops, shop
D:10:     layout_grid_maze, david_lair_shrubbed, nicolae_trove_entry_crossroad,
          minmay_statue_bubble
D:11:     layout_rooms, portal_ice_cave_entry_imps
D:12:     layout_loops_ring, zombieorc2_lemuel, maelrawn_ghost_gauntlet_escape,
          kennysheep_generic_room_6, uniq_josephine, uniq_lodul, uniq_kirke
D:13:     layout_loops_ring, david_vaults_4, gauntlet_entry_generic,
          gammafunk_ghost_arena
D:14:     layout_stronghold, serial_rivers, chequers_serial_rivers_room_a,
          chequers_serial_rivers_small_3, chequers_serial_rivers_micro_e,
          chequers_serial_rivers_room_a, chequers_serial_rivers_room_b,
          minmay_ruined_shrine
D:15:     grunt_enter_depths_hoard, layout_cave_pools
Temple:   nicolae_temple_bog_church
Lair:1:   layout_loops_ring, serial_bayou_pond_a, chequers_serial_rivers_small_3
Lair:2:   layout_layer_cave, nicolae_volcano_entry_s_turn,
          nicolae_lair_grove_arrangements, serial_bayou_ford_a
Lair:3:   beargit_carnivore_pack, layout_cave_shapes, skrybe_swamp_entry_bodies,
          minmay_snake_entry_guardpost_small, chequers_serial_rivers_marsh
Lair:4:   gammafunk_cloud_chamber, layout_loops_ring,
          nicolae_slime_entry_field_trip
Lair:5:   wormcave, layout_cave_pods, lemuel_old_faithful, lemuel_fruit_fields
Snake:1:  layout_gridlike, st_stairs_6, minmay_shoptagon, serial_bayou_shore_b,
          serial_bayou_shore_b, uniq_aizul
Snake:2:  layout_onion_interference, serial_bayou_shore_b
Snake:3:  layout_onion_interference, basic_altar, minmay_shop_grove
Orc:1:    layout_caves, biasface_ghost_orc_armoury, uniq_maurice
Orc:2:    st_orc_open, layout_caves

Skill      XL: |  1  2  3  4  5  6  7  8  9 10 11 12 13 14 15 16 |
---------------+-------------------------------------------------+-----
Axes           | 2 3 5 6 7 9 12 14 15 17 18 | 18.0
Dodging        | 1 2 3 4 |  4.1
Fighting       | 4 5 7 10 12 13 | 13.0
Throwing       | 1 2 3 4 |  4.3
Shields        | 7 8 9 10 11 12 13 | 13.5
Armour         | 4 5 9 10 11 12 | 12.0
Invocations    | 4 8 10 | 10.0

Action                     |  1- 3 |  4- 6 |  7- 9 | 10-12 | 13-15 | 16-18 || total
---------------------------+-------+-------+-------+-------+-------+-------++-------
  Melee: War axe           |    88 |   117 |       |       |       |       ||   205
         Broad axe         |       |    12 |   177 |   332 |   803 |   245 ||  1569
         Flail             |       |       |       |     2 |    27 |       ||    29
         Morningstar       |       |       |       |       |     8 |       ||     8
  Throw: Boomerang         |       |     3 |     3 |    11 |   149 |    11 ||   177
         Javelin           |       |       |    40 |    65 |    20 |       ||   125
 Invoke: Heroism           |       |       |       |    15 |    33 |     9 ||    57
         Finesse           |       |       |       |       |     1 |     1 ||     2
    Use: Scroll            |     2 |     4 |     6 |    13 |     7 |     3 ||    35
         Potion            |       |     1 |     2 |     3 |     8 |     1 ||    15
   Stab: Distracted        |       |       |       |       |     1 |       ||     1
 Armour: Scale mail        |    30 |       |       |       |       |       ||    30
         Chain mail        |    20 |    68 |    52 |    46 |       |       ||   186
         Plate armour      |       |       |       |    71 |   265 |    71 ||   407
  Dodge: Dodged            |    28 |    34 |    49 |    87 |   207 |    99 ||   504
  Block: Buckler           |    14 |    18 |     6 |       |       |       ||    38
         Kite shield       |       |       |    88 |   278 |   580 |   205 ||  1151
         Reflection        |       |       |     5 |    11 |    33 |    20 ||    69

Table legend:
 A = Non-vault XP
 B = Vault XP
 C = Vault XP percentage of total XP
 D = Non-vault monster count
 E = Vault monster count
 F = Vault count percentage of total count
                 A         B        C        D         E       F
            +---------+---------+-------+---------+---------+-------
      Total |  118564 |   42536 |  26.4 |     617 |     182 |  22.8
            +---------+---------+-------+---------+---------+-------
        D:1 |      53 |       3 |   5.4 |      25 |       2 |   7.4
        D:2 |      62 |       7 |  10.1 |      21 |       4 |  16.0
        D:3 |      89 |     281 |  75.9 |      18 |       1 |   5.3
        D:4 |     503 |     225 |  30.9 |      24 |       8 |  25.0
        D:5 |     940 |       0 |   0.0 |      23 |       0 |   0.0
        D:6 |    1005 |     371 |  27.0 |      22 |       8 |  26.7
        D:7 |     844 |      32 |   3.7 |      22 |       1 |   4.3
        D:8 |    3002 |    1071 |  26.3 |      85 |      10 |  10.5
        D:9 |    1080 |       0 |   0.0 |      19 |       0 |   0.0
       D:10 |    3089 |    1014 |  24.7 |      27 |       2 |   6.9
       D:11 |    2031 |     123 |   5.7 |      11 |      12 |  52.2
       D:12 |    9477 |    7275 |  43.4 |      20 |      57 |  74.0
       D:13 |    6975 |    1043 |  13.0 |      11 |       2 |  15.4
       D:14 |   10707 |    2952 |  21.6 |      27 |       6 |  18.2
       D:15 |    5061 |    1774 |  26.0 |       8 |       2 |  20.0
     Lair:1 |    4268 |       0 |   0.0 |      16 |       0 |   0.0
     Lair:2 |    6077 |       0 |   0.0 |      24 |       0 |   0.0
     Lair:3 |    4538 |    2870 |  38.7 |      14 |       7 |  33.3
     Lair:4 |   11050 |     129 |   1.2 |      35 |       3 |   7.9
     Lair:5 |   15178 |    6141 |  28.8 |      43 |      17 |  28.3
    Snake:1 |    8803 |    1900 |  17.8 |      20 |       2 |   9.1
    Snake:2 |   10760 |       0 |   0.0 |      24 |       0 |   0.0
    Snake:3 |    9276 |       0 |   0.0 |      16 |       0 |   0.0
      Orc:1 |    2648 |     496 |  15.8 |      39 |       1 |   2.5
      Orc:2 |    1048 |   14829 |  93.4 |      23 |      37 |  61.7
            +---------+---------+-------+---------+---------+-------
